[Event "Titled Tuesday Blitz April 19 Late 2022"]
[White "Urbina Perez, Juan Antonio"]
[Black "Leitao, Rafael"]
[WhiteFideId "2217368"]
[BlackFideId "2101246"]
[WhiteElo "2192"]
[BlackElo "2609"]
[Result "1/2-1/2"]
[Round "03"]
[TimeControl "180+1"]
[Date "2022.04.19"]
[WhiteClock "0:00:09"]
[BlackClock "0:00:18"]

1. e4 c5 2. Nf3 d6 3. Bb5+ Bd7 4. Bxd7+ Nxd7 5. d4 cxd4 6. Qxd4 Ngf6 7. Nc3 g6 8. O-O Bg7 9. e5 dxe5 10. Nxe5 O-O 11. Nxd7 Nxd7 12. Qh4 Rc8 13. Bh6 e6 14. Qxd8 Rfxd8 15. Bxg7 Kxg7 16. Rad1 Nb6 17. Rxd8 Rxd8 18. Rd1 Rc8 19. Rd3 Nc4 20. Nd1 e5 21. Rc3 Rd8 22. Rd3 Rxd3 23. cxd3 Nb6 24. Kf1 Nd5 25. Nc3 Nf4 26. Nb5 a6 27. Nd6 b5 28. Ne8+ Kf8 29. Nc7 Nxd3 30. Nxa6 Nxb2 31. Nc7 b4 32. Nd5 Nd3 33. Ke2 Nc1+ 34. Kd2 Nxa2 35. Kc2 Nc3 36. Nxb4 Ne4 37. f3 Nc5 38. Nd5 f5 39. Kd2 Kf7 40. g4 Ke6 41. Ne3 Kf6 42. gxf5 gxf5 43. Ke2 Kg5 44. Nd5 Ne6 45. Kf2 Nf4 46. Ne7 Kf6 47. Nc6 Ne6 48. Nb4 Nf4 49. Nc2 Kg5 50. Ne3 Nd3+ 51. Ke2 Nc5 52. Nd5 Ne6 53. Kf2 h5 54. Kg3 h4+ 55. Kf2 Nf4 56. Ne3 Kf6 57. Kf1 Ne6 58. Nd5+ Kg5 59. Kf2 Nc5 60. Kf1 Nd3 61. Ne7 h3 62. Ke2 Nc5 63. Kf2 f4 64. Nc6 Kf5 65. Ne7+ Kf6 66. Nd5+ Ke6 67. Nc7+ Kf5 68. Nd5 e4 69. fxe4+ Nxe4+ 70. Kf3 Ng5+ 71. Kf2 Ke4 72. Nf6+ Kf5 73. Nd5 Ke5 74. Nc3 Ne4+ 75. Nxe4 Kxe4 76. Ke2 f3+ 77. Kf2 Kf4 78. Kf1 Ke4 79. Kf2 Kf4 80. Kf1 Ke3 81. Ke1 f2+ 82. Kf1 Kf3 1/2-1/2


[Site "https://www.chess.com"]

[Event "Titled Tuesday Blitz April 19 Late 2022"]
[White "Vlassov, Nikolai"]
[Black "Safarli, Eltaj"]
[WhiteFideId "4103360"]
[BlackFideId "13402129"]
[WhiteElo "2407"]
[BlackElo "2634"]
[Result "1-0"]
[Round "03"]
[TimeControl "180+1"]
[Date "2022.04.19"]
[WhiteClock "0:00:20"]
[BlackClock "0:00:50"]

1. e4 c5 2. c3 d6 3. d4 Nf6 4. Bd3 g6 5. dxc5 dxc5 6. e5 Nd5 7. Be4 e6 8. c4 Nb4 9. Qxd8+ Kxd8 10. Nc3 N8c6 11. Bg5+ Ke8 12. O-O-O Bd7 13. Nb5 Rc8 14. a3 Na6 15. Bf6 Rg8 16. Nf3 Na5 17. Nxa7 Rb8 18. Nd2 Bh6 19. Kc2 Bxd2 20. Rxd2 Nxc4 21. Rd3 Na5 22. Rhd1 Ba4+ 23. b3 Bxb3+ 24. Rxb3 Nxb3 25. Kxb3 Nc7 26. Kc4 Ra8 27. Bxb7 Rb8 28. Bc6+ Kf8 29. Rd7 Ne8 30. Nb5 g5 31. Be7+ Kg7 32. a4 Kg6 33. a5 Ng7 34. a6 Nf5 35. a7 Rb6 36. a8=Q Rxa8 37. Bxa8 Ra6 38. Be4 Ra2 39. Bxc5 h5 40. Nd6 g4 41. Rxf7 Ra4+ 42. Kd3 1-0


[Site "https://www.chess.com"]

[Event "Titled Tuesday Blitz April 19 Late 2022"]
[White "Vujic, Mihailo"]
[Black "Goryachkina, Aleksandra"]
[WhiteFideId "918873"]
[BlackFideId "4147103"]
[WhiteElo "2256"]
[BlackElo "2426"]
[Result "0-1"]
[Round "03"]
[TimeControl "180+1"]
[Date "2022.04.19"]
[WhiteClock "0:00:01"]
[BlackClock "0:00:02"]

1. e4 e6 2. d4 d5 3. Nc3 Bb4 4. e5 c5 5. a3 Bxc3+ 6. bxc3 Ne7 7. a4 Qa5 8. Bd2 Qc7 9. Nf3 b6 10. Bb5+ Bd7 11. Bd3 a5 12. O-O h6 13. Re1 Bc8 14. dxc5 bxc5 15. c4 d4 16. c3 dxc3 17. Bxc3 Bb7 18. Nd2 Nbc6 19. Qg4 Rd8 20. Re3 Nd4 21. Rb1 Nef5 22. Rh3 Bc6 23. f4 O-O 24. Ne4 Bxe4 25. Bxe4 Rb8 26. Bxd4 cxd4 27. Bxf5 exf5 28. Qxf5 Rxb1+ 29. Qxb1 Qxc4 30. Qb5 Qc1+ 31. Kf2 Qxf4+ 32. Rf3 Qxh2 33. Qxa5 Qh4+ 34. Kg1 Rc8 35. Rf1 Qe4 36. Qa7 Qxe5 37. Qxf7+ Kh8 38. Qd7 Rb8 39. a5 Qxa5 40. Qxd4 Qg5 41. Qf4 Qb5 42. Kh2 Rc8 43. Rf3 Rc5 44. Qf8+ Kh7 45. Rh3 Rf5 46. Qd8 Qe5+ 47. Rg3 Rg5 48. Qd3+ Rf5 49. Qc2 Qf4 0-1


[Site "https://www.chess.com"]

[Event "Titled Tuesday Blitz April 19 Late 2022"]
[White "Vusatiuk, Vladimir"]
[Black "Indjic, Aleksandar"]
[WhiteFideId "14118610"]
[BlackFideId "911925"]
[WhiteElo "2518"]
[BlackElo "2895"]
[Result "0-1"]
[Round "03"]
[TimeControl "180+1"]
[Date "2022.04.19"]
[WhiteClock "0:00:05"]
[BlackClock "0:00:25"]

1. d4 Nf6 2. c4 c5 3. d5 e6 4. Nc3 exd5 5. cxd5 d6 6. e4 g6 7. f4 Bg7 8. Bb5+ Nfd7 9. a4 O-O 10. Nf3 Na6 11. O-O Nb4 12. Re1 a6 13. Bf1 Re8 14. Be3 Nf6 15. Bf2 Bg4 16. Rc1 Nd7 17. h3 Bxf3 18. Qxf3 Qc7 19. g4 c4 20. g5 Rab8 21. b3 b5 22. axb5 axb5 23. bxc4 bxc4 24. Nd1 Nb6 25. Qa3 Nd7 26. Rxc4 Qb7 27. h4 Nc5 28. h5 gxh5 29. Qh3 Qd7 30. Qxd7 Nxd7 31. Nc3 Nc2 32. Re2 Na3 33. Rc7 Nb6 34. Na4 Nxa4 35. Ra2 Bb2 36. Ra7 Nc3 37. R7xa3 Bxa3 38. Rxa3 Nxe4 39. Bd4 Rb4 40. Rd3 h4 41. Kh2 Ng3 42. Bg2 Nf5 43. Bf2 Rxf4 44. Kg1 Rg4 45. Kf1 Rxg5 46. Bh3 Ng3+ 47. Kg2 Ne4+ 48. Kf3 Nxf2 49. Kxf2 Rg3 50. Rxg3+ hxg3+ 51. Kxg3 Re3+ 52. Kf4 Rxh3 0-1


[Site "https://www.chess.com"]

[Event "Titled Tuesday Blitz April 19 Late 2022"]
[White "Wachinger, Guenther"]
[Black "Antonova, Nadezhda"]
[WhiteFideId "4604261"]
[BlackFideId "14700182"]
[WhiteElo "2212"]
[BlackElo "1789"]
[Result "1-0"]
[Round "03"]
[TimeControl "180+1"]
[Date "2022.04.19"]
[WhiteClock "0:01:20"]
[BlackClock "0:00:04"]

1. e4 c5 2. Nf3 d6 3. d4 cxd4 4. Nxd4 Nf6 5. Nc3 a6 6. Qf3 e5 7. Nf5 b5 8. Bg5 Bb7 9. O-O-O Nbd7 10. Nxd6+ Bxd6 11. Rxd6 Qe7 12. Rd1 O-O 13. Nd5 Bxd5 14. exd5 e4 15. Qe3 h6 16. Bh4 Rac8 17. f3 Rfe8 18. fxe4 Qxe4 19. Qxe4 Rxe4 20. Bf2 Ng4 21. Bg1 Nge5 22. h3 Nc4 23. Bd3 Ree8 24. Bd4 Nde5 25. Bf5 Rc7 26. b3 Nd6 27. Rhe1 Nxf5 28. Rxe5 Rec8 29. Re2 Nxd4 30. Rxd4 Rd7 31. c4 bxc4 32. bxc4 Rd6 33. Kd2 g6 34. Kd3 Kg7 35. Rc2 Rc5 36. Re4 Kf6 37. Kd4 Ra5 38. Rf2+ Kg7 39. Ref4 f5 40. g4 fxg4 41. Rf7+ Kg8 42. Rf8+ Kg7 43. R2f7# 1-0


[Site "https://www.chess.com"]

[Event "Titled Tuesday Blitz April 19 Late 2022"]
[White "Wieczorek, Oskar"]
[Black "Bas Mas, Jose Joaquin"]
[WhiteFideId "1133950"]
[BlackFideId "22219064"]
[WhiteElo "2319"]
[BlackElo "2212"]
[Result "1-0"]
[Round "03"]
[TimeControl "180+1"]
[Date "2022.04.19"]
[WhiteClock "0:00:03"]
[BlackClock "0:00:04"]

1. e4 c5 2. Nf3 d6 3. d4 cxd4 4. Nxd4 Nf6 5. Nc3 g6 6. Be2 Bg7 7. Be3 Nc6 8. Qd2 O-O 9. O-O-O Nxd4 10. Bxd4 Be6 11. g4 Qa5 12. g5 Ne8 13. Bxg7 Nxg7 14. Kb1 Rfc8 15. a3 Rab8 16. f4 b5 17. Nd5 Qxd2 18. Rxd2 Bxd5 19. exd5 a5 20. Re1 Kf8 21. Rd4 Rc5 22. Bg4 Rb7 23. b4 axb4 24. axb4 Rc4 25. Rxc4 bxc4 26. c3 Rb5 27. Rd1 Nf5 28. Bxf5 gxf5 29. Kc2 Kg7 30. Rd4 f6 31. gxf6+ Kxf6 32. Rxc4 Rxd5 33. Rc7 Rb5 34. Kb3 e5 35. c4 Rb6 36. fxe5+ dxe5 37. c5 Re6 38. b5 e4 39. Kc2 f4 40. b6 e3 41. b7 e2 42. b8=Q e1=Q 43. Qf8+ Ke5 44. Qg7+ Ke4 45. Qg2+ Ke3 46. Qh3+ Kf2 47. Qh4+ Kg1 48. Qg4+ Kf2 49. Qh4+ Kg1 50. Qg4+ Kf2 51. Qxf4+ Kg1 52. Rg7+ 1-0


[Site "https://www.chess.com"]

[Event "Titled Tuesday Blitz April 19 Late 2022"]
[White "Winkels, Marcel"]
[Black "Riehle, Marco"]
[WhiteFideId "1003887"]
[BlackFideId "12904392"]
[WhiteElo "1900"]
[BlackElo "2462"]
[Result "0-1"]
[Round "03"]
[TimeControl "180+1"]
[Date "2022.04.19"]
[WhiteClock "0:00:07"]
[BlackClock "0:00:58"]

1. d4 d5 2. Nc3 e6 3. Bf4 Nf6 4. e3 c5 5. Qd2 Bd6 6. Bxd6 Qxd6 7. Nf3 O-O 8. Be2 b6 9. O-O Ba6 10. Nb5 Bxb5 11. Bxb5 c4 12. c3 Ne4 13. Qd1 f5 14. Ba4 a5 15. Ne5 f4 16. f3 Ng5 17. exf4 Rxf4 18. Qd2 Rf5 19. g4 Nh3+ 20. Kh1 Rf8 21. f4 Qe7 22. g5 b5 23. Bc2 Nd7 24. Qe3 Nxe5 25. dxe5 Nxg5 26. fxg5 b4 27. Qh3 g6 28. Rf6 a4 29. Raf1 a3 30. Bxg6 axb2 31. Bb1 bxc3 32. Qxc3 Rxf6 33. gxf6 Qb7 34. Rg1+ Kf8 35. Qf3 Rb8 36. Qf4 d4+ 37. Be4 Qf7 38. Qh6+ Ke8 39. Rg7 d3 40. Rxf7 b1=Q+ 41. Kg2 Rb2+ 42. Kg3 Qg1+ 43. Kf4 Qc1+ 44. Kg3 Qxh6 45. Rxh7 Qg5+ 46. Kf3 Qg2+ 47. Ke3 Qf2# 0-1


[Site "https://www.chess.com"]

[Event "Titled Tuesday Blitz April 19 Late 2022"]
[White "Yedidia, Daniel"]
[Black "Zong, Davis"]
[WhiteFideId "30905907"]
[BlackFideId "30903955"]
[WhiteElo "2615"]
[BlackElo "2061"]
[Result "1-0"]
[Round "03"]
[TimeControl "180+1"]
[Date "2022.04.19"]
[WhiteClock "0:01:08"]
[BlackClock "0:00:01"]

1. d4 d5 2. c4 c6 3. Nf3 Nf6 4. Nc3 e6 5. e3 Nbd7 6. Bd3 dxc4 7. Bxc4 b5 8. Be2 Bb7 9. b3 a6 10. Bb2 c5 11. O-O Be7 12. Rc1 O-O 13. Qd2 Ne4 14. Nxe4 Bxe4 15. dxc5 Nxc5 16. Rxc5 Bxf3 17. Rc2 Qxd2 18. Rxd2 Bxe2 19. Rxe2 Rfd8 20. h3 f5 21. Rc1 Rac8 22. Rec2 Rd1+ 23. Kh2 Rxc1 24. Rxc1 Rxc1 25. Bxc1 Kf7 26. Kg3 Bf6 27. Kf3 h5 28. Ba3 g6 29. e4 Ke8 30. Bc5 Kd7 31. g4 hxg4+ 32. hxg4 Kc6 33. Be3 a5 34. exf5 gxf5 35. gxf5 exf5 36. Kf4 1-0


[Site "https://www.chess.com"]

[Event "Titled Tuesday Blitz April 19 Late 2022"]
[White "Yoo, Christopher Woojin"]
[Black "Jessel, Stephen"]
[WhiteFideId "30909694"]
[BlackFideId "628859"]
[WhiteElo "2105"]
[BlackElo "2268"]
[Result "0-1"]
[Round "03"]
[TimeControl "180+1"]
[Date "2022.04.19"]
[WhiteClock "0:00:02"]
[BlackClock "0:00:09"]

1. e4 e6 2. d4 d5 3. Nc3 Nf6 4. Bg5 h6 5. Bxf6 Qxf6 6. exd5 Bb4 7. Bb5+ Bd7 8. Bxd7+ Nxd7 9. dxe6 Qxe6+ 10. Ne2 Bxc3+ 11. bxc3 O-O-O 12. O-O Rhe8 13. Ng3 g6 14. Qf3 h5 15. Rfb1 Nb6 16. Nf1 Qe2 17. Qxe2 Rxe2 18. Ne3 Nd5 19. Nxd5 Rxd5 20. Rb2 Rf5 21. Rf1 h4 22. h3 Rd2 23. f4 b6 24. Rf3 Rd1+ 25. Kf2 Rd2+ 26. Kf1 a5 27. a4 Kb7 28. Rf2 Rxf2+ 29. Kxf2 Rxf4+ 30. Ke2 Kc6 31. Rb1 Kd5 32. Ke3 Rf5 33. Kd3 Rf2 34. Rb5+ Kd6 35. Rg5 c6 36. c4 Rf1 37. c5+ Kc7 38. cxb6+ Kxb6 39. Rg4 Rd1+ 40. Kc3 Ra1 41. Kb3 Rg1 42. c4 Kc7 43. c5 Kd7 44. Kc4 Ke6 45. Re4+ Kf6 46. Re2 Rc1+ 47. Kd3 Ra1 48. d5 cxd5 49. c6 Rc1 50. Rb2 Rxc6 51. Rb5 Rc4 52. Rxa5 Rf4 53. Ra7 Rf2 54. a5 Rxg2 55. a6 Ra2 56. Kd4 Ra5 57. Ra8 g5 58. a7 Kf5 59. Kc3 f6 60. Kb4 Ra1 61. Kb5 Kf4 62. Kb6 f5 63. Rd8 g4 64. hxg4 fxg4 65. Kc5 Rxa7 66. Kxd5 Rg7 67. Rf8+ Kg3 68. Ke4 h3 69. Rf1 Re7+ 70. Kd3 Kg2 0-1


[Site "https://www.chess.com"]

[Event "Titled Tuesday Blitz April 19 Late 2022"]
[White "Zanette, Edgard Vinicius"]
[Black "Fonseca Manrique, Enrique"]
[WhiteFideId "2109263"]
[BlackFideId "5114330"]
[WhiteElo "2182"]
[BlackElo "2561"]
[Result "0-1"]
[Round "03"]
[TimeControl "180+1"]
[Date "2022.04.19"]
[WhiteClock "0:00:01"]
[BlackClock "0:00:19"]

1. e4 c5 2. Nc3 e6 3. g3 Nc6 4. Bg2 Nf6 5. Nge2 d6 6. d4 cxd4 7. Nxd4 Bd7 8. O-O a6 9. Be3 Be7 10. h3 O-O 11. Nxc6 Bxc6 12. Qd2 Rc8 13. a4 Qc7 14. a5 Nd7 15. Rfd1 Rfd8 16. f4 Nc5 17. b4 Nd7 18. Ne2 Bb5 19. Nd4 Bc4 20. Rac1 Nf6 21. g4 d5 22. e5 Ne4 23. Qe1 Bf8 24. Bxe4 dxe4 25. Qh4 Bxb4 26. c3 Be7 27. Qg3 Qxa5 28. f5 Bc5 29. f6 g6 30. h4 Bd3 31. h5 Kf8 32. hxg6 hxg6 33. Qh4 Ke8 34. Qh8+ Kd7 35. Qg7 Rf8 36. Nb3 Bxe3+ 37. Kg2 Qa2+ 38. Nd2 Bxd2 39. Ra1 Qc4 40. Rxd2 Qxc3 41. Rad1 Kc6 42. Qh6 Kb6 0-1


[Site "https://www.chess.com"]

[Event "Titled Tuesday Blitz April 19 Late 2022"]
[White "Zherebtsova, Alexandra"]
[Black "Tregubov, Pavel V."]
[WhiteFideId "24129518"]
[BlackFideId "4115341"]
[WhiteElo "2025"]
[BlackElo "2341"]
[Result "0-1"]
[Round "03"]
[TimeControl "180+1"]
[Date "2022.04.19"]
[WhiteClock "0:00:02"]
[BlackClock "0:00:09"]

1. d4 Nf6 2. Nf3 d5 3. c4 e6 4. e3 c5 5. cxd5 exd5 6. Nc3 Nc6 7. Be2 Bd6 8. O-O O-O 9. dxc5 Bxc5 10. a3 a6 11. b4 Bd6 12. h3 Bf5 13. Bb2 Rc8 14. Rc1 Bb8 15. Re1 Qd6 16. Bf1 Rfd8 17. Na4 Be4 18. g3 Ba7 19. Nc5 Bxc5 20. Rxc5 Nd7 21. Rc1 Nde5 22. Nxe5 Nxe5 23. Bxe5 Qxe5 24. Bg2 h6 25. Qg4 f5 26. Qg6 Rc4 27. Qb6 Rdc8 28. Rcd1 R8c7 29. Bxe4 fxe4 30. Qg6 R4c6 31. Qg4 Kh7 32. Rd2 Rg6 33. Qh4 Rc3 34. Red1 Rd6 35. a4 Rc4 36. b5 Rxa4 37. bxa6 bxa6 38. Qf4 Qxf4 39. gxf4 Ra5 40. Rd4 Rb5 41. Kg2 a5 42. Kg3 Ra6 43. Rxd5 Rxd5 44. Rxd5 a4 45. Rd2 a3 46. Ra2 Kg6 47. f3 Kf5 48. Kf2 h5 49. h4 Ra4 50. Ke2 Ra5 51. Kf2 Ra6 52. Ke2 exf3+ 53. Kxf3 Ra4 54. e4+ Rxe4 55. Rxa3 Rxf4+ 56. Kg3 Rg4+ 57. Kh3 Re4 58. Ra5+ Re5 59. Ra4 Re3+ 60. Kh2 g6 61. Kg2 Re4 62. Ra5+ Kg4 63. Rg5+ Kxh4 64. Rxg6 Re2+ 65. Kh1 Kh3 66. Kg1 Re1+ 67. Kf2 Re4 68. Ra6 h4 69. Kg1 Re1+ 70. Kf2 Rb1 71. Ra3+ Kh2 72. Ra8 h3 73. Rg8 Rb7 74. Kf3 Rf7+ 75. Ke2 Kh1 76. Ke3 h2 77. Ke2 Rf6 78. Ke3 Rf1 79. Ke2 Rg1 80. Rh8 Kg2 81. Rg8+ Kh3 82. Rh8+ Kg3 83. Rg8+ Kf4 84. Rh8 h1=Q 85. Rxh1 Rxh1 0-1


[Site "https://www.chess.com"]

[Event "Titled Tuesday Blitz April 19 Late 2022"]
[White "Zhou, Qiyu"]
[Black "Wu, Derek"]
[WhiteFideId "505161"]
[BlackFideId "30914558"]
[WhiteElo "1925"]
[BlackElo "2071"]
[Result "0-1"]
[Round "03"]
[TimeControl "180+1"]
[Date "2022.04.19"]
[WhiteClock "0:00:36"]
[BlackClock "0:01:15"]

1. e4 c5 2. Nf3 e6 3. d4 cxd4 4. Nxd4 a6 5. c4 Nf6 6. Nc3 Qc7 7. f3 Bb4 8. Be3 d5 9. exd5 exd5 10. Qa4+ Nc6 11. Nxc6 Bxc3+ 12. bxc3 bxc6 13. Bd3 O-O 14. O-O dxc4 15. Bxc4 Nd5 16. Bc5 Rd8 17. Qc2 Be6 18. Rab1 Qa5 19. Bd4 c5 20. Be5 Ne3 21. Qf2 Nxc4 0-1


[Site "https://www.chess.com"]

[Event "Titled Tuesday Blitz April 19 Late 2022"]
[White "Zivkovic, Nemanja"]
[Black "Rustemov, Alexander"]
[WhiteFideId "942154"]
[BlackFideId "4119002"]
[WhiteElo "2364"]
[BlackElo "2720"]
[Result "0-1"]
[Round "03"]
[TimeControl "180+1"]
[Date "2022.04.19"]
[WhiteClock "0:00:17"]
[BlackClock "0:00:32"]

1. e4 e6 2. d4 d5 3. Nd2 dxe4 4. Nxe4 Bd7 5. Nf3 Bc6 6. Ned2 Nd7 7. Nc4 Ngf6 8. Be2 Be7 9. O-O O-O 10. c3 Bd5 11. Re1 c5 12. Ne3 Bc6 13. c4 Be4 14. b3 cxd4 15. Nxd4 Bb4 16. Bd2 Qa5 17. Bxb4 Qxb4 18. a3 Qd6 19. Nb5 Qb8 20. Qd6 a6 21. Qxb8 Raxb8 22. Nd6 Bc6 23. b4 Rfd8 24. Red1 Kf8 25. c5 Ke7 26. Nec4 Bd5 27. Rac1 Ne8 28. f3 Nxd6 29. cxd6+ Kf8 30. Ne3 Nf6 31. Nxd5 exd5 32. Rc7 Rxd6 33. Rdc1 Rd7 34. Bd3 g6 35. Kf2 Ke7 36. Ke3 Kd6 37. Rxd7+ Nxd7 38. Kd4 Ne5 39. f4 Nc6+ 40. Ke3 Re8+ 41. Kd2 Nd4 42. Rf1 f5 43. Kc3 Ne6 44. g3 Rc8+ 45. Kd2 h6 46. g4 fxg4 47. Bxg6 Rf8 48. f5 Ng5 49. Kd3 Nf3 50. h3 Ne5+ 0-1


[Site "https://www.chess.com"]

[Event "Titled Tuesday Blitz April 19 Late 2022"]
[White "Zlatin, Alexander"]
[Black "Koelle, Tobias"]
[WhiteFideId "2810549"]
[BlackFideId "16207378"]
[WhiteElo "2228"]
[BlackElo "2541"]
[Result "0-1"]
[Round "03"]
[TimeControl "180+1"]
[Date "2022.04.19"]
[WhiteClock "0:00:15"]
[BlackClock "0:01:27"]

1. d4 Nf6 2. Nc3 e6 3. Bf4 d5 4. e3 a6 5. Nf3 Bd6 6. Bd3 O-O 7. O-O c5 8. dxc5 Bxf4 9. exf4 Qc7 10. Qd2 Qxc5 11. Qe3 Qxe3 12. fxe3 Nc6 13. Nd4 Bd7 14. a3 b5 15. Nxc6 Bxc6 16. Ne2 Rac8 17. Nd4 Bb7 18. b4 Ne4 19. Bxe4 dxe4 20. Rfd1 Rc3 21. Kf2 Rfc8 22. Rd2 R3c4 23. Ra2 Bd5 24. Ra1 f6 25. g4 g6 26. g5 fxg5 27. fxg5 Rf8+ 28. Ke2 Rc3 29. Rdd1 e5 30. Nxb5 Rxc2+ 31. Ke1 Bc4 32. Rd2 Rf1# 0-1


[Site "https://www.chess.com"]

[Event "Titled Tuesday Blitz April 19 Late 2022"]
[White "Zor, Alber Kadir"]
[Black "Suder, Jakub"]
[WhiteFideId "6353169"]
[BlackFideId "1195310"]
[WhiteElo "1966"]
[BlackElo "2058"]
[Result "0-1"]
[Round "03"]
[TimeControl "180+1"]
[Date "2022.04.19"]
[WhiteClock "0:00:01"]
[BlackClock "0:00:05"]

1. d4 d5 2. c4 dxc4 3. e4 Nf6 4. e5 Nd5 5. Bxc4 Nb6 6. Bd3 Nc6 7. Be3 Nb4 8. Be4 N4d5 9. Nd2 c6 10. Ngf3 Bg4 11. h3 Bh5 12. O-O e6 13. Rc1 Be7 14. Nb3 O-O 15. Nc5 Bxc5 16. Rxc5 Bg6 17. Bxg6 fxg6 18. Nd2 Qd7 19. Ne4 Nc8 20. Rc1 Nce7 21. Nc5 Qc8 22. Ne4 Qd7 23. Nc5 Qc8 24. a3 Nf5 25. b4 Rf7 26. Ne4 Qd7 27. Nc5 Qe7 28. Re1 Raf8 29. Qg4 Kh8 30. Ne4 Qe8 31. Nd6 Nxd6 32. exd6 Qd7 33. Qg3 Rd8 34. Bg5 Rdf8 35. f3 h6 36. Be7 Nxe7 37. dxe7 Qxd4+ 38. Kh1 Rxe7 39. Qxg6 Qf6 40. Qe4 Rd8 41. Rcd1 Rd5 42. Rxd5 cxd5 43. Qc2 Qf8 44. Rc1 Qd8 45. Qg6 e5 46. Qg3 d4 47. Re1 Qd6 48. f4 e4 49. Qf2 Kh7 0-1


[Site "https://www.chess.com"]

[Event "Titled Tuesday Blitz April 19 Late 2022"]
[White "Abdrlauf, Elham"]
[Black "Fedoseev, Vladimir"]
[WhiteFideId "1533533"]
[BlackFideId "24130737"]
[WhiteElo "2334"]
[BlackElo "2726"]
[Result "1/2-1/2"]
[Round "04"]
[TimeControl "180+1"]
[Date "2022.04.19"]
[WhiteClock "0:00:05"]
[BlackClock "0:00:04"]

1. e4 e5 2. Nc3 Bc5 3. Bc4 d6 4. Nge2 Qh4 5. O-O Nf6 6. d4 Bb6 7. f3 Nc6 8. Be3 exd4 9. Nxd4 O-O 10. Qd2 Nxd4 11. Bxd4 Be6 12. Bb3 Rad8 13. Bf2 Qh5 14. Rad1 Ba5 15. Qe3 a6 16. Nd5 Bxd5 17. Bxd5 Bb6 18. Qe1 Bxf2+ 19. Qxf2 Qe5 20. c3 Nxd5 21. Rxd5 Qe6 22. Rfd1 c6 23. R5d2 Qxa2 24. Qb6 Qa4 25. b3 Qa3 26. Qb4 Qxb4 27. cxb4 f5 28. Rxd6 Rxd6 29. Rxd6 fxe4 30. fxe4 Re8 31. Rd7 b6 32. Rd4 Kf7 33. Kf2 Ke6 34. Ke3 Ra8 35. Rc4 Kd6 36. Rd4+ Ke6 37. Rc4 Rc8 38. Rd4 c5 39. Rc4 Kd6 40. Rc2 Rc6 41. bxc5+ Rxc5 42. Rd2+ Ke5 43. Rd3 a5 44. h4 h5 45. g3 g6 46. Kf3 b5 47. Ke3 b4 48. Kf3 Rb5 49. Ke3 Rc5 50. Kf3 Rc3 51. Ke3 Rc5 1/2-1/2


[Site "https://www.chess.com"]

[Event "Titled Tuesday Blitz April 19 Late 2022"]
[White "Adewumi, Tanitoluwa"]
[Black "Bilych, Olexiy"]
[WhiteFideId "30966396"]
[BlackFideId "14156504"]
[WhiteElo "2529"]
[BlackElo "2709"]
[Result "0-1"]
[Round "04"]
[TimeControl "180+1"]
[Date "2022.04.19"]
[WhiteClock "0:00:03"]
[BlackClock "0:01:23"]

1. e4 e5 2. Nf3 Nc6 3. Bb5 Nf6 4. O-O Nxe4 5. d4 Nd6 6. Bxc6 dxc6 7. dxe5 Nf5 8. Qxd8+ Kxd8 9. Bf4 Bd7 10. h3 h6 11. Nc3 Kc8 12. Rad1 Be7 13. g4 Nh4 14. Nxh4 Bxh4 15. Kg2 b6 16. Bg3 Be7 17. f4 g6 18. f5 gxf5 19. gxf5 Rg8 20. Kh2 a5 21. e6 fxe6 22. f6 Bd6 23. Bxd6 cxd6 24. Rxd6 Kc7 25. Rfd1 Rad8 26. Ne4 e5 27. a3 Rgf8 28. b4 axb4 29. axb4 Bf5 30. Rxd8 Rxd8 31. Rxd8 Kxd8 32. Nd6 Bg6 33. Kg3 Kd7 34. Nc4 Ke6 35. Nxb6 Bxc2 36. f7 Kxf7 37. Nd7 Ke6 38. Nc5+ Kd5 39. Kh4 Bf5 40. Kg3 Kc4 41. Na6 Kb5 42. Nc7+ Kxb4 43. Ne8 c5 44. Nd6 Bg6 45. Kf3 c4 46. Ke3 c3 0-1


[Site "https://www.chess.com"]

[Event "Titled Tuesday Blitz April 19 Late 2022"]
[White "Ahmadzada, Ahmad"]
[Black "Sernecki, Franciszek"]
[WhiteFideId "13413007"]
[BlackFideId "1169297"]
[WhiteElo "2768"]
[BlackElo "2560"]
[Result "1-0"]
[Round "04"]
[TimeControl "180+1"]
[Date "2022.04.19"]
[WhiteClock "0:00:22"]
[BlackClock "0:00:02"]

1. Nf3 Nf6 2. g3 e6 3. Bg2 d5 4. O-O Be7 5. c4 d4 6. e3 c5 7. exd4 cxd4 8. d3 O-O 9. a3 a5 10. Re1 Nc6 11. Bg5 h6 12. Bxf6 Bxf6 13. Nbd2 e5 14. Qc2 Bf5 15. c5 b6 16. Nc4 bxc5 17. Nfxe5 Nxe5 18. Nxe5 Rc8 19. Nc4 Qc7 20. Be4 Bd7 21. Bd5 h5 22. Qe2 h4 23. Qh5 hxg3 24. hxg3 Rb8 25. Qf3 a4 26. Kg2 Rfe8 27. Rh1 Be6 28. Rh5 Bxd5 29. Qxd5 Qb7 30. Qxb7 Rxb7 31. Nd6 Rbe7 32. Nxe8 Rxe8 33. Rxc5 Rb8 34. Rc4 Rxb2 35. Rxa4 Rd2 36. Rh1 g6 37. Ra8+ Kg7 38. Rah8 Be5 39. R1h7+ Kf6 40. Rf8 Rxd3 41. Rfxf7+ Ke6 42. Re7+ Kd6 43. f4 Bf6 44. Ra7 Rd2+ 45. Kf3 d3 46. Ra6+ Kd5 47. Rxf6 Ra2 48. Rd7+ Kc4 49. Rc6+ Kb3 50. Rxd3+ Ka4 51. Rxg6 Kb5 52. f5 Kc4 53. Re3 Kd4 54. Rg4+ Kd5 55. f6 Kd6 56. f7 Re2 57. f8=Q+ Kd5 58. Rxe2 1-0


[Site "https://www.chess.com"]

[Event "Titled Tuesday Blitz April 19 Late 2022"]
[White "Aldokhin, Ivan"]
[Black "Riehle, Marco"]
[WhiteFideId "24115720"]
[BlackFideId "12904392"]
[WhiteElo "2727"]
[BlackElo "2537"]
[Result "1-0"]
[Round "04"]
[TimeControl "180+1"]
[Date "2022.04.19"]
[WhiteClock "0:01:44"]
[BlackClock "0:01:58"]

1. e4 e5 2. Nf3 Nf6 3. d4 Nxe4 4. Bd3 Nc6 5. dxe5 Nc5 6. Bc4 d6 7. O-O Bg4 8. exd6 Bxd6 9. Re1+ Ne7 10. Bxf7+ Kf8 11. Nc3 Bxh2+ 12. Kxh2 Qxd1 13. Nxd1 Bxf3 14. Bc4 Bc6 15. Nc3 Ng6 16. b4 Na4 17. b5 Nxc3 18. Ba3+ Ne7 1-0


[Site "https://www.chess.com"]

[Event "Titled Tuesday Blitz April 19 Late 2022"]
[White "Al-Tarboush, Ward"]
[Black "Lopez Del Alamo, Antonio"]
[WhiteFideId "7601450"]
[BlackFideId "2227339"]
[WhiteElo "2276"]
[BlackElo "2082"]
[Result "0-1"]
[Round "04"]
[TimeControl "180+1"]
[Date "2022.04.19"]
[WhiteClock "0:00:02"]
[BlackClock "0:00:19"]

1. e4 c5 2. Nf3 e6 3. d4 cxd4 4. Nxd4 Nf6 5. Nc3 Nc6 6. Nxc6 bxc6 7. e5 Nd5 8. Ne4 Bb7 9. Be2 c5 10. O-O Qc7 11. Nd6+ Bxd6 12. exd6 Qc6 13. f3 Nb6 14. c4 Nc8 15. Bf4 f6 16. Re1 e5 17. Bd3 O-O 18. Be4 Qb6 19. Be3 Bxe4 20. fxe4 Qc6 21. Qd5+ Qxd5 22. exd5 Nb6 23. b3 Rfc8 24. a4 a5 25. Rab1 Kf7 26. g4 g6 27. Bf2 Ra6 28. g5 Na8 29. gxf6 Kxf6 30. Bh4+ g5 31. Rf1+ Kg6 32. Bg3 Re8 33. Rbe1 Rxd6 34. Rxe5 Rxe5 35. Bxe5 Rb6 36. Rf8 d6 37. Rf6+ Kh5 38. Rxd6 Rxb3 39. Kg2 Nb6 40. Bg7 Nxc4 41. Rh6+ Kg4 42. h3+ Kf5 43. Rf6+ Ke4 44. d6 Rd3 45. Bf8 Ke5 46. Rh6 Nxd6 47. Bg7+ Ke4 48. Rxh7 Nf5 49. Bf6 Rd2+ 50. Kf1 c4 51. Rc7 Ne3+ 52. Ke1 Rc2 53. Bxg5 Nd5 54. Rc6 c3 55. Kd1 Rh2 56. Bf6 Kd3 0-1


[Site "https://www.chess.com"]

[Event "Titled Tuesday Blitz April 19 Late 2022"]
[White "Andreikin, Dmitry"]
[Black "Bacrot, Etienne"]
[WhiteFideId "4158814"]
[BlackFideId "605506"]
[WhiteElo "2736"]
[BlackElo "2673"]
[Result "1-0"]
[Round "04"]
[TimeControl "180+1"]
[Date "2022.04.19"]
[WhiteClock "0:01:58"]
[BlackClock "0:01:15"]

1. d4 d5 2. c4 dxc4 3. e4 e5 4. Nf3 exd4 5. Bxc4 Nc6 6. O-O Be6 7. Bb5 Bc5 8. b4 Bb6 9. a4 a6 10. Bxc6+ bxc6 11. Nbd2 Nf6 12. Ne5 O-O 13. a5 Ba7 14. Qc2 Qd6 15. Nd3 Ng4 16. Nf3 Rfd8 17. h3 Nh6 18. Bf4 Qf8 19. Qxc6 Bd7 20. Qxa6 Rdb8 21. Qc4 Bb5 22. Qc2 Bxd3 23. Qxd3 Rxb4 24. Bxc7 1-0


[Site "https://www.chess.com"]